 Dungeon Crawl Stone Soup version 0.29.0-11-gd7f09526c8 (webtiles) character file.

Game seed: 12123147450378371844

79 Hamboning the Poker (level 4, 0/40 HPs)
             Began as a Minotaur Berserker on Sept 6, 2022.
             Was a Believer of Trog.
             Constricted to death by a ball python (1 damage)
             ... on level 3 of the Dungeon.
             The game lasted 00:06:08 (2632 turns).

Hamboning the Poker (Minotaur Berserker)            Turns: 2632, Time: 00:06:08

Health: 0/40       AC:  2    Str: 24    XL:     4   Next: 17%
Magic:  3/3        EV:  9    Int:  4    God:    Trog [**....]
Gold:   96         SH:  0    Dex:  9    Spells: 3/3 levels left

rFire   . . .      SeeInvis .   a - +0 spear
rCold   . . .      Faith    .   (no shield)
rNeg    . . .      Spirit   .   b - +0 animal skin
rPois   .          Reflect  .   (helmet restricted)
rElec   .          Harm     .   (no cloak)
rCorr   .          Rampage  .   (no gloves)
Will    .....                   (no boots)
Stlth   ++........              (no amulet)
HPRegen 0.13/turn               (no ring)
MPRegen 0.08/turn               (no ring)

@: lethally poisoned (0 -> -7), constricted
A: horns 2, retaliatory headbutt
a: Renounce Religion, Berserk, Trog's Hand


You were on level 3 of the Dungeon.
You worshipped Trog.
Trog was pleased with you.
You visited 1 branch of the dungeon, and saw 3 of its levels.

You collected 96 gold pieces.

Inventory:

Hand Weapons
 a - a +0 spear (weapon)
Missiles
 f - a throwing net (quivered)
Armour
 b - a +0 animal skin (worn)
Scrolls
 d - 2 scrolls of vulnerability {unknown}
 e - 2 scrolls of noise {unknown}
 h - a scroll of identify {unknown}
 k - 2 scrolls of blinking {unknown}
 l - a scroll of magic mapping {unknown}
 n - 3 scrolls of torment {unknown}
 o - 2 scrolls of teleportation {unknown}
 r - a scroll of amnesia {unknown}
Potions
 c - 2 potions of lignification {unknown}
 g - a potion of berserk rage {unknown}
 i - 2 potions of invisibility {unknown}
 j - 4 potions of brilliance {unknown}
 m - a potion of heal wounds {unknown}
 p - a potion of curing {unknown}
 q - a potion of ambrosia {unknown}
 s - a potion of degeneration {unknown}


   Skills:
 + Level 4.1 Fighting
 + Level 4.9 Polearms
 + Level 2.4 Armour
 + Level 2.5 Dodging
 + Level 1.6 Stealth


You had 3 spell levels left.
You didn't know any spells.
Your spell library was empty.

Dungeon Overview and Level Annotations

Branches:
Dungeon (3/15)

Altars:
Hepliaklqana

Shops:
D:3 =[


Innate Abilities, Weirdness & Mutations

You have a pair of horns on your head.
You reflexively headbutt those who attack you in melee.


Message History

You kill the endoplasm!
Trog accepts your kill.
The giant cockroach waves its antennae.
The ball python barely misses you. The ball python constricts you.
The orc closely misses you. The orc barely misses you. You furiously retaliate!
You headbutt the orc!
You kill the orc!
Trog accepts your kill. The orc hits you with a +0 dagger.
You closely miss the adder. The adder bites you.
You are poisoned.
The adder poisons you! The ball python bites you.
The ball python constricts you.
A bat comes into view.
You hit the adder but do no damage. Your headbutt misses the adder.
You feel sick. The adder bites you but does no damage.
The orc hits you with a +0 short sword. The orc hits you with a +0 dagger.
* * * LOW HITPOINT WARNING * * *
The ball python bites you.
* * * LOW HITPOINT WARNING * * *
The ball python constricts you.
* * * LOW HITPOINT WARNING * * *
You closely miss the adder.
You feel sick. The adder bites you.
* * * LOW HITPOINT WARNING * * *
You are lethally poisoned!
The adder poisons you! The orc barely misses you. You furiously retaliate!
You headbutt the orc!
You kill the orc!
Trog accepts your kill. The ball python bites you.
* * * LOW HITPOINT WARNING * * *
The ball python constricts you.
* * * LOW HITPOINT WARNING * * *
The orc misses you. The adder barely misses you.
You barely miss the adder.
* * * LOW HITPOINT WARNING * * *
You feel sick. The ball python bites you.
* * * LOW HITPOINT WARNING * * *
The ball python constricts you.
You die...

#.## #.##... .## #.######
####### ## ####### #.....# #
...# #.###.### #..# ###.#......
#.r# #.......... #b.##
#.#.....### #oB#### #.###.###
##@)..###.# #.# ##SS##.....#
#.# ##### #..#######.# #.#
....# #J.#.# #.# #.# ###.#
#..#.## #.# #.# # #.# ...# #.
#.# #.# # #.##############
#.###.# #
#.......<......######...#.#####
#####.†......###...............


You could see an adder, an orc, an endoplasm, a giant cockroach, a bat, a ball
python and a rat.

Vanquished Creatures
  An adder (D:2)
  A worm (D:2)
  6 orcs (D:3)
  2 bats (D:1)
  8 endoplasms
  3 giant cockroaches
  3 goblins
  2 hobgoblins (D:1)
  9 quokkas
  6 ball pythons
  2 frilled lizards
  4 kobolds
  7 rats
54 creatures vanquished.

Notes
Turn   | Place    | Note
-------+----------+-------------------------------------------
     0 | D:1      | Hamboning the Minotaur Berserker began the quest for the
                  | Orb.
     0 | D:1      | Reached XP level 1. HP: 19/19 MP: 0/0
   318 | D:1      | Reached XP level 2. HP: 17/27 MP: 1/1
   600 | D:1      | Found a faded altar of an unknown god.
  1124 | D:2      | Reached XP level 3. HP: 20/33 MP: 2/2
  1317 | D:2      | Reached skill level 1 in Stealth
  1716 | D:2      | Found a hazy altar of Hepliaklqana.
  1936 | D:3      | Reached ** piety under Trog
  2341 | D:3      | Found Jecuq's Jewellery Shoppe.
  2363 | D:3      | Reached XP level 4. HP: 40/40 MP: 3/3
  2377 | D:3      | Found Ohurahom's Antique Armour Emporium.
  2632 | D:3      | HP: 2/40 [poisoned by an adder]
  2632 | D:3      | Constricted to death by a ball python

Illustrated notes

Levels and vault maps discovered:
D:1:      wander_arrival_desolate, layout_basic,
          hellmonk_ecumenical_altar_leap_of_faith,
          hangedman_decor_diamond_cutter
D:2:      layout_loops_cross, basic_altar, grunt_decor_mini_mirrors
D:3:      minmay_diamond_boxcup, layout_loops_ring, serial_shops,
          nicolae_shop_hallway_plus, shop

Skill      XL: |  1  2  3 |
---------------+----------+-----
Polearms       | 4 |  4.9
Fighting       | 4 |  4.1
Stealth        | 1 |  1.6
Armour         | |  2.4
Dodging        | |  2.5

Action                   |  1- 3 |  4- 6 || total
-------------------------+-------+-------++-------
Melee: Spear             |   138 |    16 ||   154
       Headbutt          |    13 |     1 ||    14
       Punch             |     1 |       ||     1
 Stab: Sleeping          |    11 |       ||    11
Armor: Animal skin       |    17 |     3 ||    20
Dodge: Dodged            |    50 |    15 ||    65
